 Dungeon Crawl Stone Soup version 0.32-a0-468-g38b2580584 (webtiles) character file.

Game seed: 8216344031011134491

159 mopl the Shooter (level 5, 0/33 HPs)
             Began as an Octopode Hexslinger on Feb 24, 2024.
             Was a Follower of Beogh.
             Succumbed to Terence's poison
             ... on level 3 of the Dungeon.
             The game lasted 00:02:42 (1894 turns).

mopl the Shooter (Octopode Hexslinger)              Turns: 1894, Time: 00:02:43

Health: 0/33       AC:  1    Str:  8    XL:     5   Next: 40%
Magic:  8/8        EV: 13    Int: 21    God:    Beogh [*.....]
Gold:   138        SH:  0    Dex: 16    Spells: 3/8 levels left

rFire   . . .        a - +1 sling
rCold   . . .        (no shield)
rNeg    . . .        (helmet restricted)
rPois   .            (no amulet)
rElec   .            g - +6 ring of intelligence
rCorr   .            (no ring)
SInv    .            (no ring)
Will    .....        (no ring)
Stlth   ++           (no ring)
HPRegen 0.25/turn    (no ring)
MPRegen 0.11/turn    (no ring)
                     (no ring)

%: no passive effects
@: mighty, lethally poisoned (0 -> -31), immotile
A: almost no armour, amphibious, 8 rings, camouflage 1, gelatinous body 1,
(nimble swimmer 1), tentacles
a: Renounce Religion


You were on level 3 of the Dungeon.
You worshipped Beogh.
Beogh was aware of your devotion.
You visited 1 branch of the dungeon, and saw 3 of its levels.

You collected 138 gold pieces.

Inventory:

Hand Weapons
 a - a +1 sling (weapon)
Jewellery
 g - a +6 ring of intelligence (left tentacle)
Scrolls
 b - a scroll of poison
 c - a scroll of vulnerability {unknown}
 e - 3 scrolls of identify {unknown}
 f - a scroll of teleportation {unknown}
 j - a scroll of revelation {unknown}
Potions
 d - a potion of heal wounds
 k - a potion of curing {unknown}
 l - a potion of haste {unknown}


   Skills:
 - Level 1.0 Fighting
 * Level 4.0 Ranged Weapons
 - Level 2.0 Dodging
 + Level 2.3 Spellcasting
 + Level 3.8 Hexes
 - Level 1.0 Fire Magic
 + Level 0.7 Invocations


You had 3 spell levels left.
You knew the following spells:

 Your Spells              Type           Power      Damage    Failure   Level
a - Jinxbite              Hex            36%        N/A       4%          2
b - Sigil of Binding      Hex            18%        N/A       9%          3

Your spell library contained the following spells:

 Spells                   Type           Power      Damage    Failure   Level
 Freeze                   Ice            8%         1d3       14%         1
 Magic Dart               Conj           8%         1d3       14%         1
 Inner Flame              Hex/Fire       12%        N/A       16%         3
 Lesser Beckoning         Tloc           4%         N/A       22%         2
 Searing Ray              Conj           4%         2d4       22%         2
 Frozen Ramparts          Ice            4%         1d1       41%         3
 Gell's Gravitas          Tloc           2%         N/A       41%         3
 Hailstorm                Conj/Ice       2%         3d5       41%         3
 Teleport Other           Tloc           2%         N/A       41%         3
 Cause Fear               Hex            9%         N/A       28%         4
 Dimensional Bullseye     Hex/Tloc       5%         N/A       54%         4
 Fulminant Prism          Conj/Alch      1%         3d5       82%         4
 Iskenderun's Battlesphe  Conj           2%         2d6       99%         5
 Bombard                  Conj/Erth      1%         9d1       100%        6
 Spellforged Servitor     Conj/Summ      1%         N/A       100%        7


Dungeon Overview and Level Annotations

Branches:
Dungeon (3/15)

Altars:
Beogh

Annotations:
D:2 1 runed translucent door, Crazy Yiuf
D:3 Terence


Innate Abilities, Weirdness & Mutations

You cannot wear most types of armour.
You are amphibious.
You can wear up to eight rings at the same time.
Your skin changes colour to match your surroundings (Stealth+).
Your rubbery body absorbs attacks. (AC +1, EV +1)
((You are camouflaged when in or above water. (Stealth+)))
You have tentacles for arms and can constrict up to eight enemies at once.


Message History

No target in view!
Terence the Incautious comes into view.
He is wielding a +0 flail of venom and carrying a wand of flame.
Found a stone staircase leading down.
Terence shouts!
You shoot a sling bullet. The sling bullet barely misses Terence.
Terence zaps a wand.
The puff of flame hits you.
You shoot a sling bullet.
The sling bullet closely misses Terence.
Terence zaps a wand.
The puff of flame hits you!
You shoot a sling bullet. The sling bullet hits Terence.
Terence is lightly wounded.
Terence zaps a wand.
The puff of flame hits you.
Okay, then.
Okay, then.
You aren't carrying any items that you can evoke.
Unknown command.
Cast which spell? (? or * to list)
You inscribe a pair of binding sigils.
Terence misses you.
Okay, then.
You move over the binding sigil and are bound in place!
Terence hits you with a +0 flail of venom!
* * * LOW HITPOINT WARNING * * *
You are lethally poisoned!
Unknown command.
Press: ? - help, v - describe, . - travel
Here: Terence, wielding a +0 flail of venom, wearing a +0 scale mail and carrying a wand of flame (lightly wounded)
The floor.
Unknown command.
Unknown command.
It was a potion of heal wounds.
You feel much better.
You feel very sick.
Terence zaps a wand.
The puff of flame hits you!
It was a potion of might.
You feel very mighty all of a sudden.
You feel very sick.
Terence hits you with a +0 flail of venom!
* * * LOW HITPOINT WARNING * * *
You are more poisoned.
It was a potion of magic.
Magic courses through your body.
You die...

#.#######'###.### #.#
####.###.# #.#
#....#...# #.#
#.####.###
#.####.#..#.##
#....#.#.....##
...########.#.#......#
.....^@.# #...#......#
......#@# #####......#
..... #.#
#.....#.(.##. ....
#.####.###........ ...
#.#.....#####.#### ..
#.#..##.### #.# >
#....#....# #.#
####.#..#.# #.#
#...#....###.# #
#...#.#....#.####


You could see Terence.

Vanquished Creatures
  Jessica (D:2)
  Natasha (thrice) (D:2)
  An adder (D:2)
  2 dart slugs
  2 ball pythons
  6 endoplasms
  4 giant cockroaches
  4 goblins
  3 hobgoblins (D:1)
  A quokka (D:1)
  4 bats
  3 frilled lizards
  9 kobolds
  A rat (D:1)
44 creatures vanquished.

Notes
Turn   | Place    | Note
-------+----------+-------------------------------------------
     0 | D:1      | mopl the Octopode Hexslinger began the quest for the Orb.
     0 | D:1      | Reached XP level 1. HP: 13/13 MP: 2/2
    93 | D:1      | Reached XP level 2. HP: 18/18 MP: 3/3
   101 | D:1      | Learned a level 2 spell: Jinxbite
   395 | D:1      | Reached XP level 3. HP: 23/23 MP: 5/5
   719 | D:2      | Noticed Jessica
   721 | D:2      | Killed Jessica
   722 | D:2      | Reached skill level 3 in Ranged Weapons
   767 | D:2      | Reached XP level 4. HP: 28/28 MP: 6/6
   783 | D:2      | HP: 1/28 [poisoned by an adder]
  1015 | D:2      | Learned a level 3 spell: Sigil of Binding
  1207 | D:2      | Noticed Natasha
  1216 | D:2      | Killed Natasha
  1217 | D:2      | Reached skill level 2 in Spellcasting
  1355 | D:2      | Found a faded altar of an unknown god.
  1414 | D:2      | Prayed at the altar of an unknown god.
  1414 | D:2      | Became a worshipper of Beogh the Shepherd
  1414 | D:2      | Reached * piety under Beogh
  1496 | D:2      | Found a runed translucent door.
  1497 | D:2      | Noticed Crazy Yiuf
  1522 | D:2      | Noticed Natasha
  1527 | D:2      | Killed Natasha
  1528 | D:2      | Reached XP level 5. HP: 29/33 MP: 8/8
  1581 | D:2      | Noticed Natasha
  1585 | D:2      | Killed Natasha
  1586 | D:2      | Reached skill level 4 in Ranged Weapons
  1886 | D:3      | Noticed Terence
  1894 | D:3      | Succumbed to Terence's poison

Illustrated notes

Levels and vault maps discovered:
D:1:      psy_arrival_statuary, layout_loops_cross
D:2:      layout_loops_cross, shapermc_ecumenical_altar_gd, minmay_pentomino_z2,
          uniq_jessica, uniq_natasha, uniq_crazy_yiuf_cottage
D:3:      layout_basic, uniq_terence, uniq_robin

Skill      XL: |  1  2  3  4  5 |
---------------+----------------+-----
Ranged Weapons | 3 4 |  4.0
Spellcasting   | 2 |  2.3
Fighting       | |  1.0
Dodging        | |  2.0
Hexes          | |  3.8
Fire Magic     | |  1.0
Invocations    | |  0.7

Action                     |  1- 3 |  4- 6 || total
---------------------------+-------+-------++-------
  Melee: Unarmed           |       |    18 ||    18
         Constrict         |       |     4 ||     4
         Tentacles         |       |     4 ||     4
   Fire: Sling             |    72 |    44 ||   116
   Cast: Sigil of Binding  |       |     1 ||     1
    Use: Potion            |       |     3 ||     3
 Armour: Skin              |    22 |    21 ||    43
  Dodge: Dodged            |    25 |    23 ||    48

Table legend: (Time is in decaauts)
 A = Elapsed time spent in this place.
 B = Non-inter-level travel time spent in this place.
 C = Inter-level travel time spent in this place.
 D = Time resting spent in this place.
 E = Time spent auto-exploring this place.
 F = Levels seen in this place.
 G = Mean time per level.
                   A        B        C        D        E       F      G
               +--------+--------+--------+--------+--------+-----+--------+
         Total |   1920 |   1802 |    118 |    202 |   1327 |   3 |  640.0 |
       Dungeon |   1920 |   1802 |    118 |    202 |   1327 |   3 |  640.0 |
               +--------+--------+--------+--------+--------+-----+--------+

Top non-repeatable levels by time:
     D:2: 912 daAuts
     D:1: 717 daAuts
     D:3: 289 daAuts
